[Event "Early-Titled-Tuesday-Blitz-September-26-2023"]
[Site "Chess.com"]
[Date "2023.09.26"]
[Round "11"]
[White "Makswolf200817"]
[Black "Keeper0416"]
[Result "0-1"]
[WhiteElo "2711"]
[BlackElo "2589"]
[TimeControl "180+1"]
[EndTime "10:06:34 PDT"]
[Termination "Keeper0416 won on time"]

1. Nf3 Nf6 2. c4 c5 3. d4 cxd4 4. Nxd4 Nc6 5. Nc3 g6 6. g3 Bg7 7. Bg2 O-O 8. Nc2 Ne5 9. b3 d6 10. Bb2 a6 11. O-O Rb8 12. a4 h5 13. Ne3 h4 14.
Qd2 Bd7 15. Ncd5 Nxd5 16. Nxd5 h3 17. Bh1 Bc6 18. Rfd1 a5 19. Bd4 Nd7 20. Bxg7 Kxg7 21. Qc3+ f6 22. Nf4 Nc5 23. Nxh3 Bxh1 24. Kxh1 Rh8 25.
Nf4 Qc8 26. Qe3 Kf7 27. Qf3 g5 28. Nd5 Qh3 29. Qg2 Nxb3 30. Rab1 Nc5 31. Rb5 Ra8 32.
Qxh3 Rxh3 33. Kg2 Rah8 34. Rh1 Nxa4 35. Rxa5 Nc5 36. Nc3 g4 37. Na4 Ne4 38. Rb5 Nd2 39. Rxb7 Nxc4 40. Nc3 Ke6 41. Ne4 Ne5 42. Nc3 f5 43. Nd1 R3h7 44. Ne3 Ng6 45. Rb5 f4 46. Nxg4 fxg3 47. fxg3 Rg7 0-1

[Event "Early-Titled-Tuesday-Blitz-September-26-2023"]
[Site "Chess.com"]
[Date "2023.09.26"]
[Round "11"]
[White "GaalZsoka"]
[Black "Mesa_1"]
[Result "0-1"]
[WhiteElo "2486"]
[BlackElo "2654"]
[TimeControl "180+1"]
[EndTime "10:06:34 PDT"]
[Termination "Mesa_1 won by resignation"]

1. Nf3 Nf6 2. g3 g6 3. Bg2 Bg7 4. b3 O-O 5. Bb2 d6 6. d4 e5 7. dxe5 dxe5 8. O-O e4 9. Ng5 Qxd1 10. Rxd1 e3 11.
f4 Nc6 12. c4 Bf5 13. Nc3 Rad8 14. Nb5 Rd2 15. Rxd2 exd2 16. Rd1 Rd8 17. Bc3 Ng4 18. Rxd2 a6 19. Rxd8+ Nxd8 20. Bxg7 Kxg7 21. Nxc7 Bb1 22. h3 Ne3 23. a3 Ba2 24. b4 Bxc4 25. Bf3 Nc2 26.
Ne8+ Kg8 27. Nd6 Bb5 28. Nxb7 Nxb7 29. Bxb7 Bxe2 30. Bd5 Nxa3 31. Nxf7 Nc2 32. Ne5+ Kg7 33.
Nc6 Bb5 34. Be4 Ne3 35. Nd4 Bc4 36. Kf2 Nd1+ 37. Ke1 Nc3 38. Bc6 Kf6 39. Kd2 Na2 40. Nc2 Bb3 41. b5 axb5 42. Bxb5 Bxc2 43. Kxc2 Nb4+ 44. Kd2 Nd5 45. Bf1 Ne7 46. Ke2 Nf5 47. Kf3 Nd4+ 48. Ke4 Ne6 49. Bc4 Nc5+ 50. Ke3 Nd7 51.
g4 Nb6 52. Bd3 Nd5+ 53. Kf3 Nb4 54. Bb1 Nc6 55. h4 Nd4+ 56. Ke3 Ne6 57. f5 Nc7 58. g5+ Kf7 59. f6 Nd5+ 60. Kf3 Nc3 61. Bd3 Kf8 62. Kg4 Nd5 63. Be4 Nc3 64. Bb1 Nxb1 65.
h5 Nc3 66. hxg6 hxg6 67. Kf4 Kf7 68. Ke5 Nd1 69. Kd6 Nf2 70. Ke5 Nh3 71. Ke4 Nxg5+ 0-1

[Event "Early-Titled-Tuesday-Blitz-September-26-2023"]
[Site "Chess.com"]
[Date "2023.09.26"]
[Round "11"]
[White "UK_23"]
[Black "GeorgiosSouleidis"]
[Result "1-0"]
[WhiteElo "2449"]
[BlackElo "2535"]
[TimeControl "180+1"]
[EndTime "10:06:34 PDT"]
[Termination "UK_23 won on time"]

1. e4 c5 2. Nf3 e6 3. g3 Nc6 4. Bg2 Nf6 5. Qe2 e5 6. Nc3 Be7 7. Nd5 d6 8. Nxe7 Qxe7 9. c3 O-O 10.
O-O h6 11. Re1 Re8 12. b3 a5 13. a3 b6 14. Bb2 Ba6 15. d3 Qd7 16. Qc2 Bb7 17. Rad1 Rac8 18. Qb1 Ne7 19. Nh4 Ng6 20. Nxg6 fxg6 21. h3 Qf7 22. Kh2 Qxb3 23. c4 Qa4 24. f4 Qd7 25. Rf1 Bc6 26. Rf2 Qe7 27. Rdf1 Rf8 28.
Qa1 Rce8 29. Bc3 Nh5 30. f5 gxf5 31. Rxf5 Rxf5 32. Rxf5 g6 33. Qd1 Rf8 34. Qg4 Kh7 35. Rxf8 Qxf8 36. Bd2 Nf6 37. Qh4 Ng8 38. Be3 Qf6 39.
Qg4 Qe7 40. h4 Bd7 41. Qf3 Qf6 42. Qe2 Be6 43. Qb2 Qd8 44. Qb5 Nf6 45. Kg1 Ng4 46. Bd2 Qf6 47. Be1 Qd8 48. Qc6 h5 49. Qb7+ Kg8 50.
Bd2 Qf8 51. Be1 Qd8 52. Bf3 Nf6 53. Bd2 Bg4 54. Bg2 Nh7 55. Bh6 Qf6 56. Qb8+ Nf8 57. Qc7 Be2 58. Bh3 Bxd3 59. Qxb6 Bxe4 60. Qc7 Bf5 61.
Bg2 1-0

[Event "Early-Titled-Tuesday-Blitz-September-26-2023"]
[Site "Chess.com"]
[Date "2023.09.26"]
[Round "11"]
[White "Djager97"]
[Black "Flawless_Fighter"]
[Result "1-0"]
[WhiteElo "2576"]
[BlackElo "2801"]
[TimeControl "180+1"]
[EndTime "10:06:36 PDT"]
[Termination "Djager97 won by resignation"]

1. e4 c6 2. d4 d5 3. exd5 cxd5 4.
Bd3 Nc6 5. c3 Qc7 6. h3 e5 7.
dxe5 Nxe5 8. Nf3 Nxd3+ 9. Qxd3 Bd6 10. O-O Ne7 11. Nbd2 O-O 12. Nb3 Bf5 13. Qd1 a5 14.
Nbd4 Bd7 15. Be3 Rae8 16. Re1 h6 17. Qd3 Qc8 18. Rac1 Ng6 19. Nb5 Bb8 20. a4 Bxh3 21. Qxd5 Bxg2 22. Kxg2 Qg4+ 23. Kf1 Qh3+ 24. Kg1 Nh4 25.
Nxh4 Rxe3 26. fxe3 Bh2+ 27. Kf2 Bg3+ 28. Ke2 Bxe1 29. Rxe1 Qxh4 30. Nd4 Qh2+ 31. Kd3 Qxb2 32. Nf5 Qb6 33. Kc2 Rd8 34. Qe5 Qg6 35. e4 Kh8 36. Qe7 Rc8 37. Rd1 Qg2+ 38. Rd2 Qf3 39. Qe5 Qg4 40.
Rd3 Qg2+ 41. Kb3 Qg1 42. Kb2 Qg2+ 43. Kb3 Qg1 44. Rd2 Qb6+ 45. Kc2 Rg8 46. Rg2 Qc6 47.
Rxg7 Qxa4+ 48. Kd2 Qd7+ 49. Ke3 f6 50. Rxg8+ Kxg8 51.
Qxf6 Qh7 52. Ne7+ Qxe7 53. Qxe7 h5 54. Qxb7 Kf8 55. Qb6 h4 56. Qh6+ Kf7 57. Qxh4 Ke6 58. Kd4 1-0

[Event "Early-Titled-Tuesday-Blitz-September-26-2023"]
[Site "Chess.com"]
[Date "2023.09.26"]
[Round "11"]
[White "Predator0608"]
[Black "Defenstrator"]
[Result "1-0"]
[WhiteElo "2501"]
[BlackElo "2377"]
[TimeControl "180+1"]
[EndTime "10:06:38 PDT"]
[Termination "Predator0608 won by resignation"]

1. e4 g6 2. d4 Bg7 3. Nc3 c5 4.
Nf3 cxd4 5. Nxd4 Nc6 6. Be3 Nf6 7. Bc4 O-O 8. f3 Qb6 9. Bb3 Nxe4 10. Nd5 Qa5+ 11.
c3 Nc5 12. Nxc6 dxc6 13. Nxe7+ Kh8 14. Nxc8 Raxc8 15. O-O Rcd8 16. Qc2 Qb5 17. Rad1 Nxb3 18. axb3 Rfe8 19. Rxd8 Rxd8 20. Rd1 Bf6 21. Rxd8+ Bxd8 22. Qe4 Bb6 23. b4 Qe2 24. Bxb6 Qxe4 25. fxe4 axb6 26.
Kf2 Kg7 27. Ke3 Kf6 28. Kf4 Ke6 29. Kg5 Ke5 30. Kh6 Kxe4 31. Kxh7 g5 32. Kg7 f5 33. Kg6 Kf4 34. h3 g4 35. h4 Kg3 36.
h5 f4 37. h6 f3 38. gxf3 gxf3 39. h7 f2 40. h8=Q f1=Q 41. Qe5+ Kg4 42. Qd4+ Kg3 43.
Qxb6 Qd3+ 44. Kf6 Qf3+ 45. Ke7 Qe2+ 46. Kd7 Qxb2 47. Qd4 Qb3 48. Kc7 b5 49. Kb6 Qe6 50.
Kc5 Kf3 51. Qd3+ Kf4 52. Qd6+ Qxd6+ 53. Kxd6 Ke4 54. Kxc6 Kd3 55. Kxb5 Kxc3 56. Kc5 1-0

[Event "Early-Titled-Tuesday-Blitz-September-26-2023"]
[Site "Chess.com"]
[Date "2023.09.26"]
[Round "11"]
[White "hakanazeri2"]
[Black "ChessQueen"]
[Result "1/2-1/2"]
[WhiteElo "2632"]
[BlackElo "2732"]
[TimeControl "180+1"]
[EndTime "10:06:43 PDT"]
[Termination "Game drawn by repetition"]

1. Nf3 d5 2. d4 Nf6 3. c4 e6 4. g3 dxc4 5. Qa4+ c6 6. Qxc4 b5 7. Qb3 Bb7 8. Bg2 a6 9. a4 Nbd7 10. O-O c5 11. axb5 Bd5 12. Qd3 Be4 13. Qb3 Bd5 14. Qd3 c4 15. Qc2 axb5 16. Rxa8 Qxa8 17.
Nc3 Bc6 18. d5 exd5 19. Nd4 Bc5 20. Nxc6 Qxc6 21. Rd1 Nb6 22. e4 O-O 23. exd5 Qd7 24. Ne4 Nxe4 25. Bxe4 g6 26. Bf4 Re8 27. Bf3 Bd6 28. Be3 Na4 29. Bd4 Nc5 30. Bxc5 Bxc5 31. b3 Rc8 32. bxc4 bxc4 33. Qe2 c3 34. Bg4 f5 35.
Bf3 Bd6 36. Rc1 Qe7 37. Qa6 Qc7 38. Qc6 Qd8 39. Qa6 Qc7 40. Qc6 Qd8 41. Qa6 Rc5 42.
Kg2 Qc7 43. Qa8+ Kg7 44. Qa4 c2 45. Qb3 Be5 46. Be2 Rc3 47. Qb5 Qd6 48. Bd3 Rc5 49.
Qb3 Qxd5+ 50. Qxd5 Rxd5 51. Bxc2 Rc5 52. Re1 Rxc2 53.
Rxe5 Kf6 54. Ra5 h5 55. Ra6+ Kg7 56. h4 Rc4 57. Ra7+ Kf6 58. f4 Rd4 59. Kh3 Rc4 60.
Ra6+ Kf7 61. Ra7+ Kf6 62. Ra6+ Kf7 63. Ra7+ Kf6 1/2-1/2

[Event "Early-Titled-Tuesday-Blitz-September-26-2023"]
[Site "Chess.com"]
[Date "2023.09.26"]
[Round "11"]
[White "FlemingA"]
[Black "Vesper2018"]
[Result "0-1"]
[WhiteElo "2440"]
[BlackElo "2584"]
[TimeControl "180+1"]
[EndTime "10:06:48 PDT"]
[Termination "Vesper2018 won by checkmate"]

1. e4 c5 2. Nf3 d6 3. d4 cxd4 4. Qxd4 a6 5. Be2 Nc6 6. Qe3 g6 7. O-O Bg7 8. h3 Nf6 9. Rd1 O-O 10. e5 Ne8 11. exd6 Nxd6 12. c4 Qa5 13. Bd2 Qc7 14.
Bc3 Nf5 15. Qc1 e5 16. Nbd2 Nfd4 17. Bxd4 Nxd4 18. Nxd4 exd4 19. Bd3 Bh6 20. Qc2 Qf4 21. Nf1 Be6 22. Re1 Rac8 23. Qa4 Qd6 24. Ng3 f5 25.
Re2 Bf7 26. Rae1 Rc7 27. b3 Rfc8 28. Qa5 Bg7 29. Qd2 Bf6 30. Qb2 h5 31. Nf1 h4 32.
Nd2 Qf4 33. Nf3 Kg7 34. Qd2 Qxd2 35. Rxd2 Rd8 36. Kf1 Rc5 37. Rde2 b5 38. cxb5 axb5 39. Rd2 b4 40. Ree2 Rc3 41. Ne1 Rc1 42. Rc2 Rc8 43.
Rxc8 Rxc8 44. Rc2 Rc3 45. Ke2 Bd5 46. f3 Kf7 47. Kd2 Bg5+ 48. Ke2 Ke6 49. Kf1 Ke5 50. Ke2 Kf4 51. Rd2 Kg3 52. Rc2 Bf4 53. Rxc3 dxc3 54. Bc2 Be6 55. Bd3 g5 56. Kd1 g4 57. Bf1 Kf2 58. Be2 Bd2 59. Nd3+ Kxg2 60. fxg4 fxg4 61. hxg4 h3 62. g5 h2 63. Bf3+ Kxf3 64. g6 h1=Q+ 65.
Kc2 Bf5 66. a3 Qf1 67. axb4 Qxd3+ 68. Kd1 Qb1# 0-1

[Event "Early-Titled-Tuesday-Blitz-September-26-2023"]
[Site "Chess.com"]
[Date "2023.09.26"]
[Round "11"]
[White "andrzej"]
[Black "jaskol95"]
[Result "0-1"]
[WhiteElo "2470"]
[BlackElo "2623"]
[TimeControl "180+1"]
[EndTime "10:06:50 PDT"]
[Termination "jaskol95 won by checkmate"]

1. e4 d5 2. exd5 Nf6 3. d4 Bg4 4. Nf3 Qxd5 5. Be2 Nc6 6. h3 Bxf3 7. Bxf3 Qd7 8. d5 Ne5 9. O-O Nxf3+ 10. Qxf3 Qxd5 11.
Qe3 e6 12. Nc3 Qc6 13. a4 Bc5 14. Qg3 Bd6 15. Qh4 O-O 16. Nb5 Qxc2 17. Bg5 Qg6 18. Rad1 a6 19. Nxd6 cxd6 20. Rxd6 Ne4 21. Bf4 Nxd6 22.
Bxd6 Rfd8 23. Be7 Rd5 24. Qb4 Rd7 25. Bc5 Rad8 26. Qb3 h6 27. Bb6 Rc8 28. a5 Qc2 29. Qf3 Qd3 30. Qg4 Rc2 31. g3 Rxb2 32. Be3 Rb5 33.
Qa4 Qd5 34. Ra1 h5 35. Qc2 g6 36. h4 Kh7 37. Qc8 Rd8 38. Qc3 Qc6 39. Qf6 Rd7 40. Bd4 Rxd4 41. Qxf7+ Kh6 42. Qf8+ Kh7 43. Qf7+ Kh8 44.
Qf6+ Kg8 45. Qxd4 Qd5 46. Qf6 Qe5 47. Qd8+ Kh7 48. Rd1 Rd5 49. Qe7+ Qg7 50. Qxg7+ Kxg7 51. Rb1 Rb5 52. Re1 Kf6 53. f4 Rxa5 54. Kg2 Ra3 55. Kf2 b5 56. Rc1 b4 57. Rc6 b3 58. Rb6 a5 59. Kf3 a4 60. Ke4 Ra2 61. Kd3 b2 62.
Kc2 a3 63. Rb3 Ra1 64. Rxb2 axb2 65. Kxb2 Rg1 66. Kc2 Rxg3 67. Kd2 Kf5 68. Ke2 Rg4 69. Kf2 Rxf4+ 70. Kg2 e5 71. Kh3 e4 72. Kg3 e3 73.
Kg2 e2 74. Kg3 e1=Q+ 75. Kg2 Rf2+ 76. Kh3 Qe3# 0-1

[Event "Early-Titled-Tuesday-Blitz-September-26-2023"]
[Site "Chess.com"]
[Date "2023.09.26"]
[Round "11"]
[White "vladgoncharov"]
[Black "Goryachkina"]
[Result "0-1"]
[WhiteElo "2535"]
[BlackElo "2668"]
[TimeControl "180+1"]
[EndTime "10:06:51 PDT"]
[Termination "Goryachkina won by resignation"]

1. d4 Nf6 2. c4 e6 3. Nc3 d5 4. Bg5 Be7 5. e3 h6 6. Bh4 O-O 7.
Rc1 Nbd7 8. cxd5 exd5 9. Bd3 c6 10. Nge2 Re8 11. Bg3 Nf8 12. O-O Bd6 13. a3 Nh5 14.
Bxd6 Qxd6 15. b4 a6 16. Qd2 Bd7 17. f3 Rad8 18. Na4 Qe7 19. Kf2 Qg5 20. Nc5 Bc8 21.
Rcd1 Ng6 22. g3 Qe7 23. Rfe1 Qc7 24. a4 Re7 25. Nc3 Rde8 26. b5 axb5 27. axb5 Nf6 28.
bxc6 bxc6 29. Ra1 Nd7 30. Nxd7 Bxd7 31. Na4 Qd6 32. Nc5 Qf6 33. Ra7 Bg4 34. Rxe7 Qxf3+ 35. Kg1 Rxe7 36. Bxg6 fxg6 37. Rf1 Qxe3+ 38. Qxe3 Rxe3 39. Ra1 Re2 40. h4 Rd2 41. Ra4 Bf3 42. Kf1 Kf7 43. Ra3 Be4 44. Ra7+ Kf6 45. Nd7+ Kf5 46. Ne5 Rxd4 47. Nxc6 Rd2 48. Ke1 Rg2 49. Rf7+ Kg4 50. Rxg7 Kxg3 51. h5 Kf4 52. hxg6 Rxg6 53. Rf7+ Ke3 54.
Ne5 Rg1+ 55. Rf1 Rxf1+ 56. Kxf1 h5 57. Kg1 d4 58. Kh2 d3 59. Kg3 d2 60. Nc4+ Kd3 61. Nxd2 Kxd2 62. Kh4 Bf3 63. Kg3 Bg4 64. Kh4 Ke3 65.
Kg3 Ke4 0-1

[Event "Early-Titled-Tuesday-Blitz-September-26-2023"]
[Site "Chess.com"]
[Date "2023.09.26"]
[Round "11"]
[White "carloseduar100"]
[Black "Mystery2007"]
[Result "0-1"]
[WhiteElo "2329"]
[BlackElo "2473"]
[TimeControl "180+1"]
[EndTime "10:06:53 PDT"]
[Termination "Mystery2007 won on time"]

1. d4 d5 2. c3 g6 3. Nf3 Bg7 4. Bf4 Nf6 5. Nbd2 O-O 6. e3 b6 7.
Bd3 Bb7 8. O-O c5 9. Re1 Nc6 10. Ne5 Rc8 11. h3 Nd7 12. Ndf3 f6 13. Nxd7 Qxd7 14.
dxc5 bxc5 15. Bg3 e5 16. e4 d4 17. cxd4 cxd4 18. Rc1 Kh8 19. Bb5 Qe6 20. Qa4 Ne7 21.
Qxa7 Rxc1 22. Rxc1 Bxe4 23. Rc7 Nf5 24. Bc4 Qd6 25.
Rd7 Qc6 26. Rxg7 Nxg7 27. Nxe5 fxe5 28. Bxe5 Qb7 29. Qxd4 Bf5 30. b3 h6 31. Bd5 Qe7 32.
a4 Kh7 33. a5 Ne6 34. Qb6 Ng5 35. f4 Nf7 36. Bc7 Qe1+ 37. Kh2 Qd2 38. Bf3 Qd7 39. a6 Be6 40. Qc5 Rc8 41. a7 Rxc7 42.
Qxc7 Qxc7 43. a8=Q Qxf4+ 44. Kg1 Qe3+ 45. Kh2 Qe5+ 46.
Kg1 h5 47. Qe4 Qxe4 48. Bxe4 Bxb3 49. Bf3 Kg7 50. Kf2 Kf6 51. Be4 Be6 52. Bf3 Bf5 53.
Be2 Bd7 54. Bf3 Ne5 55. Be4 g5 56. Bd5 h4 57. Be4 Bc6 0-1

[Event "Early-Titled-Tuesday-Blitz-September-26-2023"]
[Site "Chess.com"]
[Date "2023.09.26"]
[Round "11"]
[White "lamomiajunior"]
[Black "Zavgorodniy_Sergiy"]
[Result "0-1"]
[WhiteElo "2723"]
[BlackElo "2606"]
[TimeControl "180+1"]
[EndTime "10:06:57 PDT"]
[Termination "Zavgorodniy_Sergiy won on time"]

1. d4 Nf6 2. c4 e6 3. Nc3 Bb4 4. e3 b6 5. Ne2 Ne4 6. Qc2 Bb7 7. a3 Bxc3+ 8. Nxc3 Nxc3 9. Qxc3 O-O 10. b3 Qh4 11. Bb2 Be4 12. Bd3 d6 13. Bxe4 Qxe4 14. O-O Nd7 15.
f3 Qg6 16. Rae1 e5 17. f4 exd4 18. exd4 Qf5 19. d5 Nf6 20. h3 h5 21. Qf3 Rfe8 22.
Rxe8+ Rxe8 23. Bxf6 gxf6 24. Kh2 Kf8 25. b4 Re4 26. c5 Qxd5 27. cxd6 cxd6 28. Rd1 Qf5 29. Rf1 d5 30. Qg3 d4 31. Qd3 Qd5 32. Rc1 h4 33. Qf3 Qf5 34. Rf1 Re3 35. Qf2 Qh5 36. Qd2 Qe2 37. Qxd4 Rd3 38. Qf2 Rd2 39. Qxe2 Rxe2 40. Rf3 Ra2 41. Kg1 Ke7 42. Rd3 Ke6 43.
Rf3 Kf5 44. Kh2 Ke4 45. Kg1 f5 46. Kh2 a5 47. bxa5 bxa5 48. Kg1 a4 49. Rc3 Kd4 50. Rf3 Rb2 51. Rf2 Rb3 52. Rd2+ Ke3 53. Rd5 Rxa3 54. Rxf5 Rb3 55. Ra5 a3 56. f5 Kd3 57. f6 Kc2 58. Ra7 Kb2 59. g4 a2 60. Kf2 a1=Q 61. Rxa1 Kxa1 62.
g5 Rg3 0-1

[Event "Early-Titled-Tuesday-Blitz-September-26-2023"]
[Site "Chess.com"]
[Date "2023.09.26"]
[Round "11"]
[White "moro182"]
[Black "h4parah5"]
[Result "1/2-1/2"]
[WhiteElo "2869"]
[BlackElo "2959"]
[TimeControl "180+1"]
[EndTime "10:07:00 PDT"]
[Termination "Game drawn - insufficient material"]

1. c4 Nf6 2. g3 e6 3. Bg2 d5 4. Nf3 Be7 5. O-O O-O 6. b3 b6 7. Bb2 Bb7 8. e3 c5 9. cxd5 Nxd5 10. d4 Nf6 11. dxc5 Bxc5 12. Qxd8 Rxd8 13. Nbd2 Nbd7 14. Nc4 Rac8 15. Rfd1 Bd5 16. Rac1 h6 17. Bd4 Bxd4 18. Nxd4 Bxc4 19. bxc4 Ne5 20. Nb5 Rxd1+ 21. Rxd1 a6 22. Nd6 Rd8 23. Rd4 Kf8 24. Bb7 a5 25. Kg2 Rb8 26.
Ba6 Nc6 27. Rd2 Ke7 28. Bb5 Na7 29. e4 Rd8 30. e5 Ng4 31. f4 f6 32. h3 fxe5 33.
Ne4 Rxd2+ 34. Nxd2 Ne3+ 35. Kf3 Nf5 36. fxe5 Nd4+ 37. Ke3 Naxb5 38. cxb5 Nxb5 39. Nc4 Nc3 40. Nxb6 Nxa2 41. Nc4 a4 42. Nb6 Nc3 43. Kd3 Nd1 44.
Nxa4 Nf2+ 45. Ke3 Nxh3 46. Nc5 Ng5 47. Kf4 Nf7 48. Ke4 h5 49. Nb3 g5 50. Nd4 Nh6 51.
Nf3 Nf7 52. Nd4 Kd7 53. Nf3 Ke8 54. Nd4 Ke7 55. Nf3 g4 56. Nd4 Ng5+ 57. Kf4 Nh3+ 58.
Ke3 Kf7 59. Ke4 Ng1 60. Ke3 Kg6 61. Nxe6 Nf3 62. Nf4+ Kf5 63. e6 Kf6 64. Nxh5+ Kxe6 65. Kf4 Nh2 66. Ng7+ Kf7 67. Nf5 Nf1 68. Nh6+ Kg6 69. Nxg4 Nxg3 1/2-1/2

[Event "Early-Titled-Tuesday-Blitz-September-26-2023"]
[Site "Chess.com"]
[Date "2023.09.26"]
[Round "11"]
[White "wannabe2700"]
[Black "scarabee43"]
[Result "1/2-1/2"]
[WhiteElo "2676"]
[BlackElo "2784"]
[TimeControl "180+1"]
[EndTime "10:07:04 PDT"]
[Termination "Game drawn - insufficient material"]

1. f4 d5 2. Nf3 Nf6 3. g3 g6 4.
Bg2 Bg7 5. O-O O-O 6. d3 c5 7. c3 Nc6 8. Na3 a6 9. Qe1 b5 10. e4 dxe4 11. dxe4 Bb7 12. e5 Nd5 13. e6 Qd6 14. exf7+ Rxf7 15. Ng5 Rf5 16. Ne4 Qc7 17. Nxc5 Qb6 18. Qf2 Nxf4 19. Bxf4 Qxc5 20. Qxc5 Rxc5 21. Rad1 Rd8 22. Bxc6 Rxd1 23. Bxb7 Rxf1+ 24. Kxf1 a5 25. Ba6 b4 26. cxb4 axb4 27. Nc4 Rc6 28. Bb5 Rc5 29. Ba4 Kf8 30. Bb3 Rd5 31. Ke2 Rh5 32. h4 Bf6 33. Bd2 g5 34. hxg5 Bxg5 35. Bxb4 Rh2+ 36. Kf3 Bf6 37.
Bc3 Bxc3 38. bxc3 Ke8 39. Ne5 Kd8 40. c4 Rh1 41. c5 Rc1 42. Bc4 Rc3+ 43. Kf4 Kc7 44.
g4 Ra3 45. Kf5 Ra5 46. Nd3 Ra4 47. Bb3 Rd4 48. Ne5 Rd2 49. Ke6 Re2 50. Bc4 Re4 51. a4 Re3 52. a5 Ra3 53. a6 Ra5 54. c6 h6 55. Bd5 Rxa6 56. Kxe7 Ra5 57. Ke6 Ra1 58.
Nf7 Re1+ 59. Kf5 Rd1 60. Be4 Rf1+ 61. Kg6 Rf4 62. Bf5 Kxc6 63. Kxh6 Kd5 64. Kg5 Ra4 65.
Kf6 Ra6+ 66. Kg7 Kd4 67. g5 Ke3 68. g6 Kf4 69. Bd3 Ra3 70. Bc2 Rc3 71. Bb1 Rb3 72.
Ba2 Rb2 73. Be6 Ke4 74. Kf6 Rf2+ 75. Ke7 Rg2 76. Kf8 Rxg6 77. Ke7 Rg2 78. Nd6+ Ke5 79. Nc4+ Kd4 80. Nd6 Rb2 81. Nf5+ Ke5 82. Bd7 Rb7 83. Nd6 Ra7 84. Nc8 Rb7 85. Nd6 Ra7 86. Nc4+ Kd4 87.
Nb6 Kc5 88. Nc8 Rc7 89. Nd6 Rxd7+ 90. Kxd7 1/2-1/2

[Event "Early-Titled-Tuesday-Blitz-September-26-2023"]
[Site "Chess.com"]
[Date "2023.09.26"]
[Round "11"]
[White "azikom"]
[Black "imdvb6307"]
[Result "1-0"]
[WhiteElo "2640"]
[BlackElo "2486"]
[TimeControl "180+1"]
[EndTime "10:07:05 PDT"]
[Termination "azikom won on time"]

1. c4 Nf6 2. Nc3 c6 3. e4 d5 4. exd5 cxd5 5. d4 Nc6 6. c5 e5 7. dxe5 Nxe5 8. Bb5+ Bd7 9. Qe2 Qe7 10. Be3 a6 11. Bxd7+ Nexd7 12. O-O-O Nxc5 13. Nxd5 Nxd5 14. Rxd5 Rc8 15. Qg4 Qe6 16. Qxe6+ Nxe6+ 17. Kb1 Bc5 18. Bxc5 Rxc5 19. Rxc5 Nxc5 20. Nf3 Ke7 21. Re1+ Ne6 22. Nd4 Rd8 23. Nxe6 fxe6 24. Kc2 Rd5 25. h4 Rc5+ 26. Kd3 Rb5 27. b3 h5 28. Re4 g5 29. hxg5 Rxg5 30. g3 Kd6 31. Rf4 a5 32. Rf7 b6 33. Rh7 Rd5+ 34.
Ke3 Re5+ 35. Kd3 Rd5+ 36. Ke2 Re5+ 37. Kf1 Kc5 38. Rc7+ Kb4 39. Rc2 b5 40. Kg2 a4 41.
bxa4 bxa4 42. Kh3 Ka3 43. Kh4 Rf5 44. Re2 e5 45. Rd2 e4 46. Re2 Rb5 47. Rxe4 Rb2 48. f4 Rh2+ 49. Kg5 Rg2 50. Re3+ Kxa2 51. Kxh5 a3 52.
f5 Kb2 53. g4 a2 54. Re1 Rh2+ 55. Kg6 Kb3 56. f6 Rb2 57. Ra1 Rb1 58. Rxa2 Kxa2 59.
f7 Rf1 60. Kg7 Rg1 61. f8=Q Rxg4+ 62. Kh6 Ra4 63. Qe8 Kb3 64. Qe6+ Rc4 65. Kg5 Kc3 66. Kf5 1-0

[Event "Early-Titled-Tuesday-Blitz-September-26-2023"]
[Site "Chess.com"]
[Date "2023.09.26"]
[Round "11"]
[White "LoaySameer"]
[Black "PeshkaCh"]
[Result "0-1"]
[WhiteElo "2625"]
[BlackElo "2801"]
[TimeControl "180+1"]
[EndTime "10:07:06 PDT"]
[Termination "PeshkaCh won by resignation"]

1. Nf3 Nf6 2. g3 g6 3. Bg2 Bg7 4. O-O O-O 5. d3 d5 6. c3 c5 7. Qa4 Nc6 8. Qh4 Qd7 9. e4 Qg4 10. Qxg4 Bxg4 11. h3 Bxf3 12. Bxf3 Ne5 13. Bg2 Nxd3 14.
exd5 Rfd8 15. c4 Nd7 16. Nc3 Nb6 17. Rd1 Nxc1 18. Raxc1 Nxc4 19. Na4 b5 20. b3 bxa4 21. Rxc4 axb3 22. axb3 Rac8 23. Rdc1 Rb8 24. Rxc5 Rxb3 25. Rc8 Rxc8 26. Rxc8+ Bf8 27. Ra8 Rb1+ 28. Bf1 Rd1 29. Rxa7 Rxd5 30. Kg2 Rd2 31. Bc4 e6 32. Ra2 Rd4 33.
Rc2 Kg7 34. Be2 Bd6 35. f4 h5 36. Rc4 Rd2 37. Kf3 Ra2 38. Rd4 Ra3+ 39. Rd3 Ra6 40. g4 hxg4+ 41. hxg4 Bc7 42. Rd7 Ra3+ 43. Bd3 Rc3 44.
Ke4 Rc1 45. f5 exf5+ 46. gxf5 g5 47. Kf3 Kf6 48. Be4 Rc3+ 49. Kg2 Ke5 50. Ba8 f6 51. Rd5+ Kf4 52. Rb5 Rc2+ 53. Kf1 Be5 54. Rb4+ Kg3 55. Be4 Rf2+ 56. Kg1 Rf4 57. Rb3+ Kh4 58. Bc2 Bd4+ 59. Kg2 Rf2+ 60. Kh1 Rxc2 61. Rh3+ Kg4 62. Rg3+ Kf4 63. Rf3+ Ke4 64. Rf4+ Kd3 65. Rf3+ Be3 66. Rg3 Rc1+ 67. Kg2 Rg1+ 68. Kh3 Rxg3+ 69. Kxg3 Ke4 70. Kg2 Kxf5 71.
Kf3 Bf4 72. Kg2 g4 73. Kf2 Kg5 0-1

[Event "Early-Titled-Tuesday-Blitz-September-26-2023"]
[Site "Chess.com"]
[Date "2023.09.26"]
[Round "11"]
[White "ATM622"]
[Black "profedechess93"]
[Result "1-0"]
[WhiteElo "2435"]
[BlackElo "2620"]
[TimeControl "180+1"]
[EndTime "10:07:07 PDT"]
[Termination "ATM622 won by resignation"]

1. d4 d5 2. c4 c6 3. Nf3 Nf6 4.
Nbd2 e6 5. g3 Nbd7 6. Bg2 Bd6 7.
O-O O-O 8. Qc2 Re8 9. e4 dxe4 10. Nxe4 Nxe4 11. Qxe4 c5 12. Rd1 Qe7 13. b3 Nf6 14.
Qc2 cxd4 15. Nxd4 Bc5 16. Bb2 a6 17. a3 Rd8 18. b4 Bb6 19. Nb3 Rxd1+ 20. Rxd1 e5 21.
c5 Bc7 22. a4 Bg4 23. Rd2 Rb8 24. b5 axb5 25. axb5 e4 26. Bd4 Be5 27. Qc3 Bxd4 28.
Qxd4 Re8 29. Qd6 Qxd6 30. Rxd6 Rc8 31. c6 bxc6 32. bxc6 Kf8 33. Na5 Ke7 34. Rd4 Ra8 35. Ra4 Bd1 36. Ra1 Bc2 37. Bh3 Ra7 38. Rc1 Rxa5 39.
c7 Ra8 40. c8=Q Rxc8 41. Bxc8 Bd3 42. Kg2 Kd6 43. h4 Nd5 44. Bb7 Ne7 45. f3 f5 46.
g4 g6 47. Kf2 h6 48. Ke3 Ke5 49.
f4+ Kd6 50. g5 hxg5 51. hxg5 Kd7 52. Rh1 Kc7 53. Ba8 Kb8 54. Rh8+ Kc7 55. Kd4 Kd6 56. Rd8+ Kc7 57. Rh8 Kd6 58. Rf8 Ke6 59. Rf6+ Kd7 60. Bd5 Bb1 61. Be6+ Kc7 62. Bd5 Kd7 63. Rb6 Nxd5 64.
Kxd5 e3 65. Rb7+ Ke8 66. Rxb1 1-0

[Event "Early-Titled-Tuesday-Blitz-September-26-2023"]
[Site "Chess.com"]
[Date "2023.09.26"]
[Round "11"]
[White "DuleMudule"]
[Black "platy3"]
[Result "1/2-1/2"]
[WhiteElo "2797"]
[BlackElo "2876"]
[TimeControl "180+1"]
[EndTime "10:07:09 PDT"]
[Termination "Game drawn by repetition"]

1. d4 Nf6 2. Bg5 d5 3. Bxf6 gxf6 4. e3 Bf5 5. Bd3 Bg6 6. h4 e6 7. h5 Bxd3 8. Qxd3 c5 9. dxc5 Bxc5 10. Nf3 Nc6 11. c3 f5 12. Nbd2 Qb6 13. b4 Be7 14. a4 Bf6 15. Rb1 Rc8 16. a5 Qc7 17. c4 O-O 18. O-O Rfd8 19. Rfc1 Qe7 20. c5 a6 21. b5 Nxa5 22. Qa3 Nc4 23. Nxc4 dxc4 24. Rxc4 axb5 25. Rcc1 b6 26. Qa6 Rxc5 27. Qxb6 Rxc1+ 28. Rxc1 b4 29. Rc7 Rd1+ 30. Kh2 Qd6+ 31. Qxd6 Rxd6 32. Rb7 Bc3 33. h6 Rd8 34. Kg3 Kf8 35. Kf4 Bf6 36.
Rxb4 Rd7 37. Rc4 Ke7 38. g4 fxg4 39. Kxg4 Ra7 40. Nd2 Ra5 41. f4 Kd7 42. Ne4 Be7 43. Kf3 Rh5 44. Rd4+ Ke8 45. Ra4 Rxh6 46. Ra8+ Kd7 47.
Ra7+ Ke8 48. Ra8+ Bd8 49. Ra7 Rh3+ 50. Kf2 f5 51. Nd2 Bh4+ 52. Ke2 Bf6 53. Nc4 h5 54. Nd6+ Kd8 55. Rf7 Be7 56. Nb7+ Ke8 57. Rh7 h4 58. Na5 Rh1 59. Kf3 Bc5 60. Nc6 Rh3+ 61.
Kg2 Rxe3 62. Rxh4 Kd7 63. Ne5+ Ke7 64. Rh7+ Ke8 65. Ng6 Re4 66. Kf3 Bd4 67. Re7+ Kd8 68. Rf7 Ke8 69. Re7+ Kd8 70. Rf7 Bc3 71. Rh7 Bd4 72.
Rf7 1/2-1/2

[Event "Early-Titled-Tuesday-Blitz-September-26-2023"]
[Site "Chess.com"]
[Date "2023.09.26"]
[Round "11"]
[White "Oleksandr_Bortnyk"]
[Black "AlmasRakhmatullaev"]
[Result "0-1"]
[WhiteElo "3006"]
[BlackElo "2805"]
[TimeControl "180+1"]
[EndTime "10:07:13 PDT"]
[Termination "AlmasRakhmatullaev won by resignation"]

1. d4 e6 2. Nc3 Bb4 3. e4 d5 4. e5 Ne7 5. Bd2 b6 6. a3 Bxc3 7. Bxc3 Ba6 8. Ne2 Qd7 9. h4 c5 10. h5 h6 11. g4 Nbc6 12. f4 f6 13. b4 cxb4 14. axb4 Bc4 15. exf6 gxf6 16. Ng3 Rg8 17.
b5 Nd8 18. Bxc4 dxc4 19. Ne4 Nd5 20. Qe2 Kf7 21. Bd2 Nb7 22. g5 Nd6 23. g6+ Kg7 24. c3 Nxe4 25. Qxe4 Rge8 26. Kf2 Qxb5 27. Rhe1 Qd7 28. Ra6 f5 29. Qe5+ Nf6 30. Rea1 Re7 31. Bc1 Qd5 32. Ba3 Rb7 33. Bd6 Qxd6 34. Qxd6 Ne4+ 35.
Kf3 Nxd6 36. R6a4 a5 37. Re1 Ne4 38. Ra3 b5 39. Ke3 Rba7 40. Rb1 Rb7 41. d5 exd5 42. Kd4 a4 43. Ra2 a3 44. Rba1 Rba7 45. Rb1 Ra5 46. Rba1 Kf6 47. Rg1 Kg7 48. Re1 b4 49. cxb4 Ra4 50.
Rb1 c3 51. Kxd5 Rd8+ 52. Ke5 Rd2 53. Raa1 Rb2 54. Rc1 c2 55. Kxf5 Nc3 56. b5 Rb1 57. b6 Rxa1 58. b7 Rb4 59. Rxa1 Rb5+ 60. Kg4 Rxb7 61.
Rc1 Rb2 62. Kf5 a2 63. Ke6 Nb1 64. Rxc2 Rxc2 65. Kf5 a1=Q 66. Kg4 Qf6 67. Kh3 Rc5 68.
Kg4 Qf5+ 69. Kg3 Rc3+ 0-1